 Dungeon Crawl Stone Soup version 0.22.0-25-g7663229 (webtiles) character file.

4062 Kelyas the Destroyer (level 10, -1/106 HPs)
             Began as a Demonspawn Wizard on Aug 21, 2018.
             Was an Initiate of Vehumet.
             Slain by a yak (7 damage)
             ... on level 8 of the Dungeon.
             The game lasted 00:39:34 (9491 turns).

Kelyas the Destroyer (Demonspawn Wizard)            Turns: 9491, Time: 00:39:35

Health: -1/106     AC: 25    Str:  9    XL:     10   Next: 5%
Magic:  10/20      EV:  2    Int: 22    God:    Vehumet [......]
Gold:   128        SH:  0    Dex: 11    Spells: 11/22 levels left

rFire    . . .     SeeInvis .   D - +2 falchion (slice)
rCold    . . .     Gourm    +   (no shield)
rNeg     + + +     Faith    .   (armour currently unavailable)
rPois    +         Spirit   .   (helmet currently unavailable)
rElec    .         Reflect  .   (cloak currently unavailable)
rCorr    .         Harm     .   (gloves currently unavailable)
MR       .....     NoTele   +   (boots currently unavailable)
Stlth    ++........             q - amulet of the gourmand
HPRegen  0.27/turn              (no ring)
MPRegen  0.17/turn              (no ring)

@: tree-form, hasted, very quick
A: repulsion field 1
a: Renounce Religion


You were on level 8 of the Dungeon.
You worshipped Vehumet.
Vehumet was noncommittal.
You were very full.
You were a tree.
You visited 2 branches of the dungeon, and saw 9 of its levels.
You also visited: Sewer.

You collected 491 gold pieces.
You spent 363 gold pieces at shops.

Inventory:

Hand Weapons
 D - a +2 falchion of slicing (weapon)
Missiles
 l - 4 tomahawks of returning
 C - 5 poisoned javelins (quivered)
Armour
 a - a +0 robe (melded)
 b - a +2 hat (melded)
 c - a +2 pair of gloves (melded)
 h - a +0 pair of boots
 m - the +1 pair of boots of the Camelopard (melded) {+Inv rElec Str-5 Dex+4}
   (You bought it in a shop on level 8 of the Dungeon)

   It affects your strength (-5).
   It affects your dexterity (+4).
   It insulates you from electricity.
   It lets you turn invisible.
 n - a +2 hat
 p - a +0 cloak (melded)
 F - a scarf of cloud immunity
Jewellery
 k - an uncursed ring of ice
 q - an amulet of the gourmand (around neck)
Wands
 e - a wand of flame (53)
 o - a wand of paralysis (4)
 y - a wand of acid (1)
 I - a wand of iceblast (7)
Scrolls
 j - a scroll of fog
 w - 3 scrolls of magic mapping
 A - 2 scrolls of remove curse
Potions
 i - 3 potions of flight
 v - a potion of lignification
 z - a potion of cancellation
 B - a potion of ambrosia
Comestibles
 d - 19 rations


   Skills:
 - Level 4.0 Fighting
 - Level 5.1 Dodging
 - Level 4.0 Stealth
 + Level 6.7 Spellcasting
 * Level 8.4 Conjurations
 + Level 2.0 Summonings
   Level 0.8 Translocations
 * Level 5.2 Fire Magic


You had 11 spell levels left.
You knew the following spells:

 Your Spells              Type           Power        Failure   Level  Hunger
a - Magic Dart            Conj           ####         1%          1    None
b - Flame Tongue          Conj/Fire      #####        1%          1    None
c - Throw Flame           Conj/Fire      #####.       1%          2    None
d - Fireball              Conj/Fire      #####.....   14%         5    #####..
e - Call Imp              Summ           ###.....     5%          2    None

Your spell library contained the following spells:

 Spells                   Type           Power        Failure   Level  Hunger
 Conjure Flame            Conj/Fire      #####...     1%          3    #......
 Sticky Flame             Conj/Fire      #####...     4%          4    ###....
 Mephitic Cloud           Conj/Pois/Air  ###.....     8%          3    #......
 Blink                    Tloc           N/A          9%          2    None
 Inner Flame              Hex/Fire       ###.....     9%          3    #......
 Slow                     Hex            #.......     13%         2    None


Dungeon Overview and Level Annotations

Branches:
Dungeon (8/15)             Temple (1/1) D:7            Lair (0/6) D:8

Altars:
Ashenzari
Cheibriados
Dithmenos
Elyvilon
Fedhas
Gozag
Hepliaklqana
Kikubaaqudgha
Makhleb
Nemelex Xobeh
Okawaru
Qazlal
Ru
Sif Muna
Trog
Uskayaw
Vehumet
Wu Jian
Xom
Zin
The Shining One

Shops:
D:2 *   D:5 }   D:8 [

Annotations:
D:7 3 runed doors, Findleman's ghost, novice DrBe


Innate Abilities, Weirdness & Mutations

((You have very sharp fingernails.))
You are surrounded by a mild repulsion field. (EV +2)
((Your flesh is cold resistant. (rC+)))


Message History

The yak gores you but does no damage.
Casting: Magic Dart (safe; 1% risk of failure)
Confirm with . or Enter, or press ? or * to list all spells.
Aiming: Flame Tongue (safe; 1% risk of failure)
Press: ? - help, Shift-Dir - straight line, f/p - death yak
Aim: a death yak (moderately wounded)
The flame tongue hits the death yak.
The death yak appears unharmed.
The death yak is moderately wounded.
The death yak gores you!
* * * LOW HITPOINT WARNING * * *
Casting: Flame Tongue (safe; 1% risk of failure)
Confirm with . or Enter, or press ? or * to list all spells.
Aiming: Flame Tongue (safe; 1% risk of failure)
Press: ? - help, Shift-Dir - straight line, f/p - death yak
Aim: a death yak (moderately wounded)
The flame tongue hits the death yak.
The death yak is heavily wounded.
The death yak bellows!
The yak gores you!
You die...

#.#........##########.#####
#..........................
######>##############Y#####
#.#.......Y.Y...(# #
#.#.#.#####.###### #
#.#.#.# #.# # #.#.#.# #.# #
#.#.#Y# #.# # #.#Y#♣# #.# #
#.#5#Y# #.# # #.#Y# #.# #
#Y#Y# #.# # #.#Y#####.####
# #.Y..........# #
#.#.#####..#########
#.#..........)......
#.########.#########


You could see 3 death yaks and 3 yaks.

Vanquished Creatures
  Prince Ribbit (D:5)
  A hippogriff (D:8)
  4 hogs (D:7)
  6 yaks (D:7)
  A human (D:7)
  Edmund (D:5)
  An orc warrior (D:7)
  A black bear (D:7)
  An ice beast (D:5)
  2 phantoms
  A hornet zombie (D:6)
  3 ogres
  A centaur (D:5)
  2 bullfrogs
  4 big kobolds (Sewer)
  2 scorpions
  2 crimson imps
  A jelly (D:7)
  2 orc priests
  2 orc wizards
  Crazy Yiuf (D:2)
  An iguana (D:5)
  4 worker ants
  A hound skeleton (D:4)
  2 worker ant zombies
  4 adders
  5 river rats
  4 shadow imps
  4 oozes (Sewer)
  2 adder skeletons
  2 worms
  2 dart slugs
  6 leopard geckos
  17 orcs
  15 bats
  5 giant cockroaches
  7 goblins
  7 hobgoblins
  14 jackals
  3 quokkas
  2 ball pythons
  3 frilled lizards
  15 kobolds
  2 quokka zombies (D:7)
  9 rats
176 creatures vanquished.

Notes
Turn   | Place    | Note
-------+----------+-------------------------------------------
     0 | D:1      | Kelyas the Demonspawn Wizard began the quest for the Orb.
     0 | D:1      | Reached XP level 1. HP: 13/13 MP: 4/4
   317 | D:1      | Gained mutation: Your flesh is cold resistant. (rC+) [demonic ancestry]
   317 | D:1      | Reached XP level 2. HP: 18/19 MP: 0/6
  1085 | D:1      | Gained mutation: You have sharp fingernails. [demonic ancestry]
  1085 | D:1      | Reached XP level 3. HP: 22/24 MP: 5/7
  1420 | D:2      | Reached skill level 2 in Conjurations
  1804 | D:2      | Found a glowing silver altar of Zin.
  1805 | D:2      | Found Zin's Purification Station.
  2039 | D:2      | Found a runed door.
  2225 | D:2      | Noticed Crazy Yiuf
  2228 | D:2      | Killed Crazy Yiuf
  2228 | D:2      | Reached XP level 4. HP: 30/30 MP: 5/9
  2316 | D:3      | Found an ornate altar of the Wu Jian Council.
  2455 | D:3      | Reached skill level 3 in Conjurations
  2455 | D:3      | Reached XP level 5. HP: 32/35 MP: 0/10
  2676 | D:3      | Found a burning altar of Makhleb.
  2940 | D:4      | Found a glowing drain.
  3105 | Sewer    | Entered a sewer
  3324 | Sewer    | Reached XP level 6. HP: 41/41 MP: 1/11
  3577 | Sewer    | Reached skill level 4 in Conjurations
  3793 | Sewer    | Gained mutation: You are surrounded by a mild repulsion field. (EV +2) [demonic ancestry]
  3793 | Sewer    | Reached XP level 7. HP: 46/46 MP: 2/13
  4188 | D:4      | Reached skill level 5 in Conjurations
  4746 | D:5      | Entered Level 5 of the Dungeon
  4746 | D:5      | Noticed Prince Ribbit
  4757 | D:5      | Killed Prince Ribbit
  4757 | D:5      | Reached skill level 6 in Conjurations
  4757 | D:5      | Reached XP level 8. HP: 28/52 MP: 1/15
  4917 | D:5      | Reached skill level 5 in Spellcasting
  5140 | D:5      | Found Goesunolo's Gadget Shoppe.
  5395 | D:5      | Noticed Edmund
  5406 | D:5      | Killed Edmund
  5406 | D:5      | Reached skill level 1 in Fighting
  5406 | D:5      | Reached skill level 7 in Conjurations
  6043 | D:6      | Learned a level 1 spell: Flame Tongue
  6046 | D:6      | Learned a level 2 spell: Throw Flame
  6346 | D:6      | Reached skill level 1 in Fire Magic
  6889 | D:7      | Found a runed gate.
  6889 | D:7      | Found a runed gate.
  6890 | D:7      | Found a runed gate.
  6928 | D:7      | Gained mutation: You have very sharp fingernails. [demonic ancestry]
  6928 | D:7      | Reached XP level 9. HP: 26/62 MP: 10/17
  6936 | D:7      | Reached skill level 5 in Dodging
  7138 | D:7      | Learned a level 5 spell: Fireball
  7141 | D:7      | Learned a level 2 spell: Call Imp
  7597 | D:7      | Reached skill level 8 in Conjurations
  7962 | D:7      | Found a staircase to the Ecumenical Temple.
  7973 | Temple   | Entered the Ecumenical Temple
  8080 | Temple   | Became a worshipper of Vehumet
  8737 | D:7      | Noticed Findleman's ghost (novice DrBe)
  8804 | D:8      | Found a staircase to the Lair.
  8804 | D:8      | Noticed a death yak
  8804 | D:8      | Noticed a death yak
  8804 | D:8      | Noticed a death yak
  8964 | D:8      | Reached skill level 5 in Fire Magic
  9032 | D:8      | Found Wodo's Antique Armour Shoppe.
  9035 | D:8      | Bought a pair of slimy boots for 209 gold pieces
  9035 | D:8      | Bought an embroidered hat for 154 gold pieces
  9065 | D:8      | Identified the +1 pair of boots of the Camelopard {+Inv rElec Str-5 Dex+4} (You bought it in a shop on level 8 of the Dungeon)
  9119 | D:8      | Reached XP level 10. HP: 32/71 MP: 8/20
  9490 | D:8      | HP: 5/106 [death yak (16)]
  9491 | D:8      | Slain by a yak

Skill      XL: |  1  2  3  4  5  6  7  8  9 |
---------------+----------------------------+-----
Stealth        | 2 3 4 |  4.0
Dodging        | 2 3 4 5 |  5.1
Conjurations   | 2 3 4 6 7 8 |  8.4
Spellcasting   | 4 5 6 |  6.7
Fighting       | 2 4 |  4.0
Fire Magic     | 2 5 |  5.2
Summonings     | 2 |  2.0
Translocations | |  0.8

Action                   |  1- 3 |  4- 6 |  7- 9 | 10-12 || total
-------------------------+-------+-------+-------+-------++-------
Melee: Unarmed           |    21 |       |       |       ||    21
       Club              |    42 |       |       |       ||    42
       Short sword       |   109 |    56 |    12 |       ||   177
       Falchion          |       |       |    94 |     2 ||    96
 Cast: Magic Dart        |    59 |   130 |   254 |     4 ||   447
       Flame Tongue      |       |       |    79 |    13 ||    92
       Call Imp          |       |       |     5 |     3 ||     8
       Throw Flame       |       |       |     1 |       ||     1
Evoke: Wand              |       |       |    10 |       ||    10
  Use: Scroll            |     8 |     2 |    11 |       ||    21
       Potion            |     1 |     4 |     5 |     6 ||    16
 Stab: Sleeping          |     1 |       |     2 |       ||     3
  Eat: Chunk             |     6 |    12 |    19 |     1 ||    38
Armor: Robe              |    82 |    57 |    45 |     2 ||   186
       Skin              |       |       |       |     5 ||     5
Dodge: Dodged            |   169 |    85 |   190 |    12 ||   456
       Rpst.: Falchion   |       |       |    50 |     4 ||    54
